 Dungeon Crawl Stone Soup version 0.30-a0-918-g0ff054e9dc (webtiles) character file.

Game seed: 11379201414492396478

4652 cforsyth the Protected (level 10, -3/120 HPs)
             Began as a Human Fighter on Mar 20, 2023.
             Was a Priest of Okawaru.
             Succumbed to an orc warrior's poison
             ... on level 8 of the Dungeon.
             The game lasted 00:20:11 (9744 turns).

cforsyth the Protected (Human Fighter)              Turns: 9744, Time: 00:20:12

Health: -3/120     AC: 15    Str: 20    XL:     10   Next: 71%
Magic:  1/10       EV:  8    Int:  9    God:    Okawaru [***...]
Gold:   525        SH: 10    Dex: 13    Spells: 9/9 levels left

rFire   . . .      SeeInvis .    e - +0 demon whip (vamp)
rCold   + . .      Faith    .    r - +0 kite shield
rNeg    . . .      Spirit   +    i - +4 scale mail
rPois   .          Reflect  .    D - +0 helmet
rElec   .          Rampage  .    y - +1 cloak
rCorr   .                        (no gloves)
Will    +....                    (no boots) Stlth
                                 l - amulet of guardian spirit
HPRegen 0.40/turn                C - ring of willpower
MPRegen 0.12/turn                B - ring of protection from cold

@: berserking, lethally poisoned (-3 -> -41), very quick
A: hooves 1
a: Renounce Religion, Heroism


You were on level 8 of the Dungeon.
You worshipped Okawaru.
Okawaru was most pleased with you.
You visited 1 branch of the dungeon, and saw 8 of its levels.
You also visited: Bailey.

You collected 525 gold pieces.

Inventory:

Hand Weapons
 a - a +1 flail
 e - a +0 vampiric demon whip (weapon)
Missiles
 z - 3 throwing nets (quivered)
Armour
 i - a +4 scale mail (worn)
 m - a +0 plate armour
 q - a scarf of repulsion
 r - a +0 kite shield (worn)
 y - a +1 cloak (worn)
 D - a +0 helmet (worn)
 H - a +0 chain mail
Jewellery
 c - a ring of wizardry
 d - a +4 ring of slaying
 l - an amulet of guardian spirit (around neck)
 o - a ring of fire
 B - a ring of protection from cold (right hand)
 C - a ring of willpower (left hand)
Wands
 b - a wand of digging (10)
 I - a wand of paralysis (6)
Scrolls
 h - 2 scrolls of amnesia
 k - 6 scrolls of teleportation
 n - a scroll of immolation {unknown}
 p - 2 scrolls of enchant armour
 s - 3 scrolls of blinking
 t - 2 scrolls of poison
 v - a scroll of fog
 w - a scroll of butterflies {unknown}
Potions
 f - a potion of brilliance
 g - a potion of attraction {unknown}
 j - a potion of haste {unknown}
 u - a potion of lignification
 E - 2 potions of mutation


   Skills:
 + Level 8.1 Fighting
 + Level 7.7 Maces & Flails
 + Level 8.1 Armour
 + Level 8.1 Shields


You had 9 spell levels left.
You didn't know any spells.
Your spell library contained the following spells:

 Spells                   Type           Power      Damage    Failure   Level
 Apportation              Tloc           0%         N/A       94%         1
 Necrotise                Necr           0%         1d4       94%         1
 Slow                     Hex            0%         N/A       94%         1
 Confusing Touch          Hex            0%         N/A       100%        3
 Vampiric Draining        Necr           0%         2d6       100%        3
 Vhi's Electric Charge    Tloc/Air       0%         N/A       100%        3
 Arcjolt                  Conj/Air       0%         1d10      100%        5
 Maxwell's Capacitive Co  Air            0%         ∞         100%        8
 Summon Small Mammal      Summ           Unusable   N/A       N/A         1
 Call Canine Familiar     Summ           Unusable   N/A       N/A         3
 Summon Guardian Golem    Hex/Summ       Unusable   N/A       N/A         3

Dungeon Overview and Level Annotations

Branches:
Dungeon (8/15)             Temple (0/1) D:7          Bailey (visited)
   Lair: D:8-11

Altars:
Elyvilon
Gozag
Kikubaaqudgha
Makhleb
Nemelex Xobeh
Okawaru
Uskayaw
Xom

Shops:
D:4 *   D:5 *

Annotations:
D:4 1 runed translucent door, BlueFish's ghost, novice OpTm
D:5 Duvessa
D:7 2 transporters, exclusion: oklob plant, Iniera's ghost, novice GrFi


Innate Abilities, Weirdness & Mutations

You have large cloven feet.


Message History

You are too injured to fight recklessly!
You are too injured to fight recklessly!
You are too injured to fight recklessly!
You are too injured to fight recklessly!
You are too injured to fight recklessly!
You are too injured to fight recklessly!
You are too injured to fight recklessly!
You whack the kobold brigand!
You feel better.
You kill the kobold brigand!
Okawaru accepts your kill.
You feel extremely sick.
The orc warrior hits you with a +2 trident of venom!
* * * LOW HITPOINT WARNING * * *
You are more poisoned.
You block the kobold's attack.
Unknown command.
Unknown command.
A red film seems to cover your vision as you go berserk!
You feel yourself moving faster!
You feel mighty!
* * * LOW HITPOINT WARNING * * *
You feel extremely sick.
The orc warrior hits you with a +2 trident of venom.
* * * LOW HITPOINT WARNING * * *
You are more poisoned.
The kobold hits you but does no damage.
You whack the orc warrior! You kick the orc warrior.
The orc warrior is severely wounded.
* * * LOW HITPOINT WARNING * * *
You feel very sick.
You closely miss the orc warrior. You kick the orc warrior.
The orc warrior is severely wounded.
* * * LOW HITPOINT WARNING * * *
You feel very sick.
The orc warrior hits you with a +2 trident of venom!
* * * LOW HITPOINT WARNING * * *
You block the kobold's attack.
You whack the orc warrior!
You kill the orc warrior!
Okawaru accepts your kill.
You die...

#..[.## #####.......#.#..........
..#...###########..##.###..##.##.
.##....#....................#.##.
..#..#..........#..#.....##...##.
.......######.............#......
.....###......#.#................
....####.........#.#.............
................)).#.............
....####........@K##.............
.....# #.........####......<.....
.....###.........# #.#.......###
...#..##...(.....# #..###.#..###
..###.##.........# ##.....#..##.
### #.#########.## ###...#.>#..
#.# #..# #######.#.# #.## ##.##
#.'.'.#...#
#####..######.)##########.###..##


You could see a kobold.

Vanquished Creatures
  Sigmund (D:3)
  A steam dragon (D:7)
  12 orc warriors
  A sky beast (D:6)
  3 ogres
  10 centaurs
  3 phantoms
  2 kobold brigands
  Blork the orc (D:5)
  3 bullfrogs
  A gnoll sergeant (D:5)
  A necrophage (D:8)
  2 scorpions
  4 wights (D:8)
  Dowan (D:5)
  4 howler monkeys
  3 centaur zombies (D:8)
  A crimson imp (D:5)
  A human zombie (D:8)
  3 orc priests
  A hound (D:5)
  A jelly (D:8)
  Jessica (D:3)
  3 orc wizards
  3 iguanas
  A killer bee zombie (D:8)
  2 mummies (D:8)
  3 howler monkey zombies (D:8)
  11 gnolls
  3 adders
  4 shadow imps
  A white imp (D:6)
  2 worms (D:2)
  6 dart slugs
  41 orcs
  3 ball pythons
  6 endoplasms
  13 giant cockroaches
  16 goblins
  2 hobgoblins
  4 jackals (D:5)
  17 kobolds
  A quokka (D:4)
  7 bats
  2 frilled lizards (D:2)
  6 rats
218 creatures vanquished.

Vanquished Creatures (others)
  A scorpion (D:7)
1 creature vanquished.

Grand Total: 219 creatures vanquished

Notes
Turn   | Place    | Note
-------+----------+-------------------------------------------
     0 | D:1      | cforsyth the Human Fighter began the quest for the Orb.
     0 | D:1      | Reached XP level 1. HP: 18/18 MP: 1/1
    54 | D:1      | Reached XP level 2. HP: 21/24 MP: 2/2
   292 | D:1      | Reached XP level 3. HP: 29/29 MP: 3/3
   349 | D:1      | You fall into a shaft and drop 1 floor!
   634 | D:2      | Reached XP level 4. HP: 35/35 MP: 4/4
   713 | D:2      | Found an opulent altar of Gozag.
  1017 | D:3      | Noticed Sigmund
  1287 | D:3      | Noticed a phantom
  1298 | D:3      | Killed a phantom
  1299 | D:3      | Reached XP level 5. HP: 34/42 MP: 3/5
  1427 | D:3      | Found a hide-covered altar of Uskayaw.
  1428 | D:3      | Found a sparkling altar of Nemelex Xobeh.
  1655 | D:3      | Reached XP level 6. HP: 22/48 MP: 3/6
  1663 | D:3      | Gained mutation: You have large cloven feet. [potion of
                  | mutation]
  1837 | D:3      | Killed Sigmund
  1838 | D:3      | Reached XP level 7. HP: 55/55 MP: 7/7
  2017 | D:3      | Noticed Jessica
  2022 | D:3      | Killed Jessica
  2229 | D:4      | Found a runed translucent door.
  2352 | D:4      | Noticed BlueFish's ghost (novice OpTm)
  2654 | D:4      | Found Boedausm's Fire Supplies.
  2765 | D:4      | Found a white marble altar of Elyvilon.
  3211 | D:5      | Entered Level 5 of the Dungeon
  3214 | D:5      | Found Aties's Assorted Antiques.
  3237 | D:5      | Reached skill level 5 in Fighting
  3237 | D:5      | Reached skill level 5 in Armour
  3237 | D:5      | Reached skill level 5 in Shields
  3243 | D:5      | Reached XP level 8. HP: 29/62 MP: 3/8
  3711 | D:5      | Noticed Duvessa
  3722 | D:5      | Noticed Dowan
  3816 | D:5      | Reached skill level 5 in Maces & Flails
  3946 | D:5      | Noticed Blork the orc
  3954 | D:5      | Killed Blork the orc
  3977 | D:5      | Found an iron altar of Okawaru.
  4183 | D:5      | Found a burning altar of Makhleb.
  4183 | D:5      | Found a shimmering altar of Xom.
  4581 | D:5      | Killed Dowan
  4582 | D:5      | Reached XP level 9. HP: 18/69 MP: 9/9
  4793 | D:5      | Became a worshipper of Warmaster Okawaru
  5038 | D:6      | Identified the +0 mace of Moqoenan {drain, Fragile rPois
                  | rN+ Str+3 Int+3}
  5680 | D:7      | Found a flagged portal.
  5714 | Bailey   | Entered a bailey
  6489 | Bailey   | Reached * piety under Okawaru
  7181 | Bailey   | HP: 2/72 [orc warrior/+0 glaive (7)]
  7183 | Bailey   | Reached XP level 10. HP: 3/79 MP: 0/10
  7429 | Bailey   | Acquired a +0 vampiric demon whip
  7443 | Bailey   | Reached ** piety under Okawaru
  8751 | D:7      | Found a staircase to the Ecumenical Temple.
  8831 | D:7      | Found a transporter.
  8839 | D:7      | Found a transporter.
  8845 | D:7      | Noticed Iniera's ghost (novice GrFi)
  8894 | D:7      | Noticed an oklob plant
  9562 | D:8      | Found an ancient bone altar of Kikubaaqudgha.
  9585 | D:8      | Reached *** piety under Okawaru
  9743 | D:8      | HP: 6/120 [poisoned by an orc warrior]
  9743 | D:8      | HP: 1/120 [orc warrior/+2 trident of venom (5)]
  9744 | D:8      | Succumbed to an orc warrior's poison

Illustrated notes

Levels and vault maps discovered:
D:1:      scummos_arrival_gate, layout_loops_ring
D:2:      minmay_roachtagon, layout_basic, basic_altar
D:3:      layout_basic, nicolae_overflow_squiral, uniq_jessica, uniq_sigmund
D:4:      layout_loops_ring, nicolae_elyvilon_peaceful_grove,
          ebering_ghost_sewer_d, hangedman_decor_riveting, grunt_ministairs_8,
          st_stairs_5, minmay_misc_feat_rows, nicolae_shop_fire_sale
          [nicolae_sub_dead_trees]
D:5:      layout_gridville, grunt_temple_overflow_champion_of_chaos,
          mainiacjoe_overflow_surrounded_room, serial_shops, shop_statue,
          uniq_duvessa, uniq_blork_the_orc
D:6:      layout_rooms
D:7:      layout_rooms, minmay_temple_entry_offerings, enter_bailey_5,
          nzn_ghost_randoct, feat_on_display
D:8:      layout_rooms, lemuel_mausoleum_altar_kikubaaqudgha

Skill      XL: |  1  2  3  4  5  6  7  8  9 10 |
---------------+-------------------------------+-----
Maces & Flails | 3 4 5 6 7 |  7.7
Armour         | 4 5 6 7 8 |  8.1
Shields        | 4 5 6 7 8 |  8.1
Fighting       | 4 5 6 7 8 |  8.1

Action                     |  1- 3 |  4- 6 |  7- 9 | 10-12 || total
---------------------------+-------+-------+-------+-------++-------
  Melee: Flail             |    76 |   104 |   447 |       ||   627
         Kick              |       |     1 |   135 |    89 ||   225
         Demon whip        |       |       |       |   262 ||   262
  Evoke: Wand              |       |       |    10 |    10 ||    20
    Use: Potion            |       |     2 |     7 |     2 ||    11
         Scroll            |       |       |    15 |     3 ||    18
 Armour: Scale mail        |    50 |    59 |    57 |    65 ||   231
         Chain mail        |       |       |   199 |    39 ||   238
  Dodge: Dodged            |    31 |    55 |   161 |    65 ||   312
  Block: Buckler           |    14 |    34 |       |       ||    48
         Kite shield       |       |       |   315 |   125 ||   440

Table legend: (Time is in decaauts)
 A = Elapsed time spent in this place.
 B = Non-inter-level travel time spent in this place.
 C = Inter-level travel time spent in this place.
 D = Time resting spent in this place.
 E = Time spent auto-exploring this place.
 F = Levels seen in this place.
 G = Mean time per level.
                   A        B        C        D        E       F      G
               +--------+--------+--------+--------+--------+-----+--------+
         Total |   9900 |   9592 |    308 |   2022 |   4866 |   9 | 1100.0 |
       Dungeon |   7045 |   6737 |    308 |    856 |   4388 |   8 |  880.6 |
        Bailey |   2854 |   2854 |      0 |   1166 |    478 |   1 | 2854.0 |
               +--------+--------+--------+--------+--------+-----+--------+

Top non-repeatable levels by time:
  Bailey: 2854 daAuts
     D:4: 1475 daAuts
     D:5: 1407 daAuts
     D:3: 956 daAuts
     D:6: 831 daAuts
     D:2: 733 daAuts
     D:8: 696 daAuts
     D:7: 582 daAuts
     D:1: 362 daAuts
